 Dungeon Crawl Stone Soup version 0.19.0-19-g8c6edcc (webtiles) character file.

627 Inkary the Cudgeler (level 7, -9/46 HPs)
             Began as a Gargoyle Fighter on Nov 14, 2016.
             Killed by divine providence
             ... invoked by an orc priest
              (13 damage)
             ... on level 4 of the Dungeon.
             The game lasted 00:07:27 (3470 turns).

Inkary the Cudgeler (Gargoyle Fighter)              Turns: 3470, Time: 00:07:28

Health: -9/46      AC: 16    Str: 26    XL:     7   Next: 47%
Magic:  7/7        EV:  7    Int:  9    God:
Gold:   236        SH: 11    Dex:  9    Spells: 0 memorised, 6 levels left

rFire  . . .     SeeInvis .     i - +0 flail (protect)
rCold  . . .     Gourm    .     b - +0 scale mail
rNeg   + . .     Faith    .     c - +0 shield
rPois  ∞         Spirit   .     l - +0 helmet
rElec  +         Reflect  +     D - +0 cloak
rCorr  .         Harm     .     m - +1 pair of gloves
MR     .....                    (no boots)
Stlth  ..........               o - +2 amulet of reflection
                                (no ring)
                                (no ring)

@: mighty
A: negative energy resistance 1, electricity resistance, unbreathing,
petrification resistance, rot immunity, AC +4
a: no special abilities


You were on level 4 of the Dungeon.
You were hungry.

You visited 1 branch of the dungeon, and saw 4 of its levels.
You also visited: Sewer.

You collected 236 gold pieces.

Inventory:

Hand Weapons
 i - a +0 flail of protection (weapon)
Armour
 b - a +0 scale mail (worn)
 c - a +0 shield (worn)
 l - a +0 helmet (worn)
 m - a +1 pair of gloves (worn)
 D - a +0 cloak (worn)
Jewellery
 o - a +2 amulet of reflection (around neck)
Scrolls
 a - a scroll of enchant weapon {unknown}
 e - 2 scrolls of amnesia {unknown}
 g - 2 scrolls of fog {unknown}
 h - 3 scrolls of identify {unknown}
 k - a scroll of fear {unknown}
 n - 2 scrolls of enchant armour {unknown}
 r - 5 scrolls of teleportation {unknown}
 s - 2 scrolls of blinking {unknown}
 v - 2 scrolls of random uselessness {unknown}
 y - a scroll of noise {unknown}
Potions
 j - a potion of cancellation {unknown}
 t - 3 potions of brilliance
 u - 2 potions of lignification
 w - a potion of invisibility {unknown}
 z - 3 potions of flight
 A - a potion of degeneration {unknown}
 E - a potion of curing {unknown}
Comestibles
 f - 3 bread rations
 p - a slice of pizza
 q - 2 beef jerkies
 x - 3 fruits
 B - 2 meat rations
 C - a chunk of flesh


   Skills:
 + Level 6.0 Fighting
 * Level 6.6 Maces & Flails
 - Level 3.2 Armour
 - Level 3.2 Shields


You had 6 spell levels left.
You didn't know any spells.

Dungeon Overview and Level Annotations

Branches:
Dungeon (4/15)
 Temple: D:4-7

Altars:
Trog

Annotations:
D:4 1 runed door


Innate Abilities, Weirdness & Mutations

You are resistant to torment.
Your stone body is resilient. (AC +4)
You are immune to poison.
You resist negative energy. (rN+)
You are resistant to electric shocks. (rElec)
You can survive without breathing.
You are immune to petrification.
You are immune to rotting.


Message History

Something hits you but does no damage.
Your shield prevents you from hitting something.
Something hits you but does no damage.
You closely miss something. Something hits you but does no damage.
The orc priest invokes the aid of Beogh against you.
An orc and an orc wizard come into view.
You barely miss something.
The orc wizard shouts!
The orc shouts!
Something hits you.
* * * LOW HITPOINT WARNING * * *
An orc comes into view.
You barely miss something.
The orc shouts!
Something hits you but does no damage.
The orc wizard casts a spell.
The orc wizard flickers and vanishes!
You closely miss something. You block something's attack.
The orc priest mumbles some strange prayers to Beogh against you.
Beogh smites you!
You die...

#>.....# ..... #......##+## #...#
#### ...........###..{## ....
...........#..oo..# ....
...........#......# ....
...........#......# ....
...........#...ooo# ....
...........#+###{## ....
####'#.........#@###########.....
#....#.........#...........#<....
#....#........)#...........#.....
#....#.........#...........#.....
#....#.........#...........#.....
##...#.........#...........#.....
#####.........#...........#.....
#...........##..##..#####.....
#..###'#######..###+#..<.....#


You could see an orc priest and 4 orcs.

Vanquished Creatures
  An eye of draining (D:3)
  An ogre (D:3)
  2 orc priests
  A bullfrog skeleton (D:4)
  An orc wizard (D:3)
  2 worker ants (D:4)
  A hound zombie (D:3)
  A hound skeleton (D:4)
  10 adders
  6 oozes
  An adder skeleton (D:4)
  3 worms
  3 dart slugs
  10 leopard geckos
  13 orcs
  16 bats
  13 giant cockroaches
  6 goblins
  10 hobgoblins
  4 jackals (Sewer)
  5 ball pythons
  5 frilled lizards
  9 kobolds
  A leopard gecko zombie (D:4)
  A rat (D:1)
126 creatures vanquished.

Notes
Turn   | Place    | Note
-------+----------+-------------------------------------------
     0 | D:1      | Inkary the Gargoyle Fighter began the quest for the Orb.
     0 | D:1      | Reached XP level 1. HP: 14/14 MP: 1/1
   128 | D:1      | Reached XP level 2. HP: 11/19 MP: 2/2
   555 | D:1      | Reached XP level 3. HP: 22/24 MP: 3/3
   938 | D:2      | Reached XP level 4. HP: 22/29 MP: 4/4
  1488 | D:3      | Reached XP level 5. HP: 27/34 MP: 5/5
  1734 | D:3      | Noticed an ogre
  1742 | D:3      | Killed an ogre
  1742 | D:3      | Reached skill level 5 in Fighting
  1742 | D:3      | Reached skill level 5 in Maces & Flails
  1742 | D:3      | Reached XP level 6. HP: 24/40 MP: 6/6
  1822 | D:3      | Found a glowing drain.
  1832 | Sewer    | Entered a sewer
  2661 | D:3      | Found a bloodstained altar of Trog.
  2661 | D:3      | Noticed an eye of draining
  2746 | D:3      | Killed an eye of draining
  2794 | D:4      | Reached XP level 7. HP: 43/45 MP: 5/7
  2933 | D:4      | Found a runed door.
  3470 | D:4      | Killed from afar by an orc priest

Skill      XL: |  1  2  3  4  5  6  7 |
---------------+----------------------+-----
Maces & Flails | 3 4 5 6 |  6.6
Fighting       | 4 5 6 |  6.0
Armour         | |  3.2
Shields        | |  3.2

Action                   |  1- 3 |  4- 6 |  7- 9 || total
-------------------------+-------+-------+-------++-------
Melee: Flail             |   157 |   371 |   110 ||   638
  Use: Potion            |       |     5 |     1 ||     6
  Eat: Chunk             |       |     8 |     2 ||    10
Armor: Scale mail        |   113 |   321 |    55 ||   489
Dodge: Dodged            |    75 |   161 |    29 ||   265
Block: Shield            |   107 |   372 |    51 ||   530
       Reflection        |       |     5 |       ||     5
